 Dungeon Crawl Stone Soup version 0.20.1-1-g8b1a95d (console) character file.

82 hilaritas the Shield-Bearer (level 4, -10/37 HPs)
             Began as a Formicid Fighter on Nov 23, 2017.
             Killed by divine providence
             ... invoked by an orc priest
              (11 damage)
             ... on level 3 of the Dungeon.
             The game lasted 00:02:39 (1139 turns).

hilaritas the Shield-Bearer (Formicid Fighter)      Turns: 1139, Time: 00:02:40

Health: -10/37     AC:  6    Str: 26    XL:     4   Next: 70%
Magic:  4/4        EV:  8    Int:  8    God:
Gold:   103        SH: 10    Dex: 10    Spells: 3/3 levels left

rFire    . . .     SeeInvis +   a - +0 war axe
rCold    . . .     Gourm    .   c - +0 shield
rNeg     . . .     Faith    .   b - +0 scale mail
rPois    .         Spirit   .   (helmet unavailable)
rElec    .         Reflect  .   (no cloak)
rCorr    .         Harm     .   (no gloves)
MR       .....                  (no boots)
Stlth    ..........             (no amulet)
Regen    0.2/turn               (no ring)
MPRegen  0.1/turn               (no ring)

@: mighty
A: permanent stasis, dig shafts and tunnels, four strong arms, antennae 3
a: Dig, Shaft Self


You were on level 3 of the Dungeon.
You were not hungry.

You visited 1 branch of the dungeon, and saw 3 of its levels.

You collected 103 gold pieces.

Inventory:

Hand Weapons
 a - a +0 war axe (weapon)
Armour
 b - a +0 scale mail (worn)
 c - a +0 shield (worn)
Jewellery
 l - an uncursed amulet of faith {unknown}
Scrolls
 g - 2 scrolls of identify {unknown}
 h - 2 scrolls of teleportation {unknown}
 m - a scroll of fog {unknown}
Potions
 e - 2 potions of agility {unknown}
 j - 3 potions of curing {unknown}
Comestibles
 f - 2 bread rations
 i - a chunk of flesh
 k - 2 fruits


   Skills:
 + Level 3.7 Fighting
 * Level 3.5 Axes
 - Level 3.2 Armour
 + Level 4.5 Shields


You had 3 spell levels left.
You didn't know any spells.

Dungeon Overview and Level Annotations

Branches:
Dungeon (3/15)

Altars:
Nemelex Xobeh


Innate Abilities, Weirdness & Mutations

You cannot be hasted, slowed, berserked, paralysed or teleported.
You can dig through walls and to a lower floor.
Your four strong arms can wield two-handed weapons with a shield.
You have a pair of large antennae on your head. (SInv)


Message History

Things that are here:
an enchanted short sword; an orc corpse You barely miss the orc priest.
You slash the orc priest! You slash the orc wizard!
You kill the orc wizard!
You block the orc priest's attack. The orc priest barely misses you.
The orc priest hits you.
You closely miss the orc priest. x2; The orc priest barely misses you.
You block the orc priest's attack.
You slash the orc priest!
The orc priest is heavily wounded.
You hit the orc priest.
Your shield and scale mail prevent you from hitting the orc.
The orc priest invokes the aid of Beogh against you.
Beogh smites you!
* * * LOW HITPOINT WARNING * * *
You block the orc's attack.
The orc priest invokes the aid of Beogh against you.
Beogh smites you!
You die...

## {
.########## #.
......>.. #.#
#......#
#..##......###
#..#...[....#
#.<..<...#
##w..(...#
####...(...##
.......o)...#
####.##@###....
#..oo# ####
####.. ##.. ##.
.. .. ..


You could see 2 orc priests, a dart slug and an orc.

Vanquished Creatures
  An orc wizard (D:3)
  An ooze (D:1)
  A worm (D:2)
  3 dart slugs (D:2)
  A leopard gecko (D:2)
  An orc (D:3)
  A giant cockroach (D:1)
  3 goblins
  5 hobgoblins
  7 kobolds
  2 quokkas (D:2)
  9 bats
  A frilled lizard (D:2)
  2 rats (D:1)
38 creatures vanquished.

Notes
Turn   | Place    | Note
-------+----------+-------------------------------------------
     0 | D:1      | hilaritas the Formicid Fighter began the quest for the Orb.
     0 | D:1      | Reached XP level 1. HP: 18/18 MP: 1/1
   165 | D:1      | Reached XP level 2. HP: 24/24 MP: 2/2
   188 | D:1      | Reached skill level 4 in Shields
   468 | D:2      | Reached XP level 3. HP: 29/29 MP: 3/3
   714 | D:2      | Found a sparkling altar of Nemelex Xobeh.
   980 | D:2      | Reached XP level 4. HP: 35/35 MP: 4/4
  1139 | D:3      | HP: 1/37 [orc priest/divine providence (11)]
  1139 | D:3      | Killed from afar by an orc priest

Skill      XL: |  1  2  3 |
---------------+----------+-----
Shields        | 4 |  4.5
Axes           | 3 |  3.5
Fighting       | |  3.7
Armour         | |  3.2

Action                   |  1- 3 |  4- 6 || total
-------------------------+-------+-------++-------
Melee: War axe           |    97 |    19 ||   116
  Use: Potion            |       |     1 ||     1
  Eat: Chunk             |       |     1 ||     1
Armor: Scale mail        |    43 |     4 ||    47
Dodge: Dodged            |    51 |     7 ||    58
Block: Shield            |    68 |    21 ||    89
